 Dungeon Crawl Stone Soup version 0.21-a0-444-g29a2fec (webtiles) character file.

98 slep the Slasher (level 4, -4/61 HPs)
             Began as a Hill Orc Monk on Nov 18, 2017.
             Was a Believer of Okawaru.
             Slain by Duvessa
             ... wielding a +3 short sword of speed
              (6 damage)
             ... on level 4 of the Dungeon.
             The game lasted 00:10:37 (1753 turns).

slep the Slasher (Hill Orc Monk)                    Turns: 1753, Time: 00:10:38

Health: -4/61      AC: 22    Str: 15    XL:     4   Next: 71%
Magic:  4/4        EV:  2    Int: 10    God:    Okawaru [**....]
Gold:   146        SH:  0    Dex: 19    Spells: 3/3 levels left

rFire    . . .     SeeInvis .   a - +0 falchion
rCold    . . .     Gourm    .   (no shield)
rNeg     + + +     Faith    +   (armour currently unavailable)
rPois    +         Spirit   .   (helmet currently unavailable)
rElec    .         Reflect  .   (cloak currently unavailable)
rCorr    .         Harm     .   (gloves currently unavailable)
MR       .....     NoTele   +   (boots currently unavailable)
Stlth    +++.......             k - amulet of faith
HPRegen  0.60/turn              (no ring)
MPRegen  0.09/turn              (no ring)

@: agile, tree-form
A: regeneration 1, strong 1
a: Heroism, Renounce Religion


You were on level 4 of the Dungeon.
You worshipped Okawaru.
Okawaru was pleased with you.
You were not hungry.
You were a tree.
You visited 1 branch of the dungeon, and saw 4 of its levels.

You collected 146 gold pieces.

Inventory:

Hand Weapons
 a - a +0 falchion (weapon)
 p - a +0 mace
Armour
 b - a +0 robe
 g - a +0 scale mail (melded)
 h - a +0 pair of boots (melded)
Jewellery
 k - an amulet of faith (around neck)
Wands
 r - a wand of polymorph (16/24)
Scrolls
 d - 5 scrolls of identify {unknown}
 e - 3 scrolls of remove curse {unknown}
 f - a scroll of enchant armour {unknown}
 i - 2 scrolls of fear {unknown}
 j - a scroll of amnesia {unknown}
 m - 3 scrolls of magic mapping {unknown}
 o - a scroll of fog {unknown}
 v - a scroll of teleportation {unknown}
 w - a scroll of blinking {unknown}
Comestibles
 c - 2 bread rations
 l - a royal jelly
 s - a meat ration
 x - a chunk of flesh
 z - 2 fruits


   Skills:
 + Level 4.3 Fighting
 + Level 4.6 Long Blades
 + Level 0.7 Maces & Flails
 + Level 1.3 Armour
 + Level 2.8 Dodging
 + Level 1.5 Stealth


You had 3 spell levels left.
You didn't know any spells.

Dungeon Overview and Level Annotations

Branches:
Dungeon (4/15)
 Temple: D:4-7

Altars:
Gozag
Kikubaaqudgha
Okawaru
Vehumet

Annotations:
D:4 Dowan, Duvessa


Innate Abilities, Weirdness & Mutations

((Your system is resistant to poisons. (rPois)))
Your natural rate of healing is unusually fast.
Your muscles are strong. (Str +2)


Message History

Duvessa hits you with a short sword of speed.
Duvessa hits you but does no damage.
The worker ant waves its antennae.
You hit Duvessa.
Duvessa is heavily wounded.
Duvessa hits you with a short sword of speed!
* * * LOW HITPOINT WARNING * * *
Dowan hits you but does no damage.
Duvessa hits you with a short sword of speed!
* * * LOW HITPOINT WARNING * * *
It was a potion of lignification.
You turn into a tree.
Your +0 pair of boots melds into your body.
Your +0 scale mail melds into your body.
Your roots penetrate the ground.
Duvessa hits you but does no damage. Dowan casts a spell at you.
The puff of flame hits you!
It was a potion of agility.
You feel agile all of a sudden.
Duvessa hits you with a short sword of speed.
You die...

# .# ##########.####
......aee.....#
########♣..#...
#...........#
#.####.#####...#...#
#......# ##.## .##
#.####..# .# .
#.#####<.# .#
#........#####.#
########.......#
#########


You could see Duvessa, Dowan and a worker ant.

Vanquished Creatures
  2 adders
  2 gnolls (D:1)
  2 worms (D:3)
  A dart slug (D:2)
  A leopard gecko (D:3)
  2 ball pythons
  6 bats
  2 giant cockroaches
  6 hobgoblins
  7 kobolds
  2 quokkas
  4 frilled lizards
  6 goblins
  10 rats
53 creatures vanquished.

Notes
Turn   | Place    | Note
-------+----------+-------------------------------------------
     0 | D:1      | slep the Hill Orc Monk began the quest for the Orb.
     0 | D:1      | Reached XP level 1. HP: 19/19 MP: 1/1
   102 | D:1      | Reached XP level 2. HP: 5/27 MP: 2/2
   380 | D:1      | Reached XP level 3. HP: 20/33 MP: 3/3
   606 | D:2      | Found an iron altar of Okawaru.
   622 | D:2      | Became a worshipper of Warmaster Okawaru
   622 | D:2      | Reached * piety under Okawaru
   622 | D:2      | Reached ** piety under Okawaru
   692 | D:2      | Found an opulent altar of Gozag.
   988 | D:2      | Found an ancient bone altar of Kikubaaqudgha.
  1043 | D:2      | Reached skill level 1 in Armour
  1043 | D:2      | Reached XP level 4. HP: 29/40 MP: 4/4
  1335 | D:3      | Found a radiant altar of Vehumet.
  1742 | D:4      | Noticed Duvessa
  1742 | D:4      | Noticed Dowan
  1743 | D:4      | Gained mutation: Your muscles are strong. (Str +2) [potion of mutation]
  1743 | D:4      | Gained mutation: Your system is resistant to poisons. (rPois) [potion of mutation]
  1743 | D:4      | Gained mutation: Your natural rate of healing is unusually fast. [potion of mutation]
  1751 | D:4      | HP: 1/41 [Duvessa/short sword of speed (9)]
  1753 | D:4      | Slain by Duvessa

Vault maps used:
D:1:      nicolae_arrival_somewhat_less_tricky_arrival
D:2:      okawaru_metal_pillars_1_2, nicolae_overflow_crystal_walls,
          nicolae_gozag_seed_capital
D:3:      fiery_altar_vehumet, minmay_misc_feat_x
D:4:      temple_statues, uniq_eustachio, uniq_crazy_yiuf_cottage, uniq_pikel,
          uniq_duvessa, uniq_natasha, uniq_sigmund

Skill      XL: |  1  2  3 |
---------------+----------+-----
Fighting       | 4 |  4.3
Long Blades    | 4 |  4.6
Armour         | 1 |  1.3
Maces & Flails | |  0.7
Dodging        | |  2.8
Stealth        | |  1.5

Action                   |  1- 3 |  4- 6 || total
-------------------------+-------+-------++-------
Melee: Falchion          |    89 |    85 ||   174
       Mace              |    20 |       ||    20
  Use: Potion            |       |     4 ||     4
  Eat: Chunk             |     1 |     2 ||     3
Armor: Robe              |     4 |       ||     4
       Scale mail        |    42 |    37 ||    79
       Skin              |       |     2 ||     2
Dodge: Dodged            |    57 |    42 ||    99
       Rpst.: Falchion   |    15 |    12 ||    27

Table legend:
 A = Spawn XP
 B = Non-spawn XP
 C = Spawn XP percentage of total XP
 D = Spawn monster count
 E = Non-spawn monster count
 F = Spawn count percentage of total count
 G = Total turns spent on level
                    A         B        C        D         E        F      G
               +---------+---------+-------+---------+---------+-------+---------
         Total |       0 |     141 |   0.0 |       0 |      53 |   0.0 |  1753
               +---------+---------+-------+---------+---------+-------+---------
           D:1 |       0 |      55 |   0.0 |       0 |      20 |   0.0 |   606
           D:2 |       0 |      37 |   0.0 |       0 |      14 |   0.0 |   578
           D:3 |       0 |      49 |   0.0 |       0 |      19 |   0.0 |   544
               +---------+---------+-------+---------+---------+-------+---------
